 Dungeon Crawl Stone Soup version 0.32-a0-172-gc5dd13f2a7 (webtiles) character file.

Game seed: 18282351563177961747

107429 zenocrate the Unseen (level 16, -20/84 HPs)
             Began as a Vine Stalker Delver on Feb 12, 2024.
             Was an Initiate of Gozag.
             Demolished by a spriggan rider
             ... wielding a +2 trident of flaming
              (36 damage)
             ... on level 2 of the Lair of Beasts.
             The game lasted 00:40:23 (21270 turns).

zenocrate the Unseen (Vine Stalker Delver)         Turns: 21270, Time: 00:40:24

Health: -20/84     AC: 16    Str: 18    XL:     16   Next: 46%
Magic:  0/26       EV: 13    Int: 12    God:    Gozag
Gold:   905        SH:  9    Dex: 22    Spells: 21/27 levels left

rFire   + + +        b - +7 quick blade (freeze)
rCold   + + +        m - +3 buckler {rC+}
rNeg    + + +        p - +5 ring mail of Disguise {Rampage Slay+3}
rPois   +            g - +0 helmet "Merchiul" {rCorr}
rElec   +            y - scarf {shadows}
rCorr   +            V - +2 pair of gloves {Str+3}
SInv    +            j - +1 pair of boots "Urghipn" {Stlth+}
Will    ++++.        x - amulet "Uxzom" {Acrobat rPois rF+ SInv}
Stlth   +++++++++    F - ring "Sumubibo" {rPois rF++ rN++ Stlth+}
HPRegen 1.14/turn    U - ring "Imnuwaurae" {^Contam rC+ rN++ Will++}
MPRegen 0.20/turn

%: acrobat, guardian spirit, rampage
@: mighty, brilliant, lethally poisoned (-20 -> -21), resistant, gold aura,
hasted, very quick
A: fangs 3, regeneration 1, magic shield, antimagic bite, no potion heal 2
a: Renounce Religion, Potion Petition, Call Merchant, Bribe Branch


You were on level 2 of the Lair of Beasts.
You worshipped Gozag.
Gozag was pleased with you.
You visited 6 branches of the dungeon, and saw 21 of its levels.
You also visited: Bailey and Ice Cave.

You collected 8063 gold pieces.
You spent 4433 gold pieces at shops.
You paid 2725 gold pieces to Gozag.

Inventory:

Hand Weapons
 a - a +0 rapier
 b - a +7 quick blade of freezing (weapon)
Missiles
 i - 39 poisoned darts (quivered)
 w - 13 curare-tipped darts
 H - 31 boomerangs
 P - 12 javelins
Armour
 g - the +0 helmet "Merchiul" (worn) {rCorr}
   (You bought it in a shop on level 2 of the Orcish Mines)

   rCorr:     It protects you from acid and corrosion.
 j - the +1 pair of boots "Urghipn" (worn) {Stlth+}
   (You found it on level 1 of the Lair of Beasts)

   Stlth+:    It makes you more stealthy.
 m - a +3 buckler of cold resistance (worn)
 p - the +5 ring mail of Disguise (worn) {Rampage Slay+3}
   (You found it on level 9 of the Dungeon)

   Slay+3:    It affects your accuracy & damage with ranged weapons and melee
   (+3).
   Rampage:   It bestows one free step when moving towards enemies.
 y - a scarf of shadows (worn)
 V - a +2 pair of gloves of strength (worn)
Jewellery
 f - the ring of Syruox {+Blink rC+ EV+5 Dex+4}
   (You bought it in a shop on level 1 of the Lair of Beasts)

   [ring of evasion]

   EV+5:      It affects your evasion (+5).
   Dex+4:     It affects your dexterity (+4).
   rC+:       It protects you from cold.
   +Blink:    It lets you blink.
 x - the amulet "Uxzom" (around neck) {Acrobat rPois rF+ SInv}
   (You bought it in a shop on level 1 of the Lair of Beasts)

   [amulet of the acrobat]

   Acrobat:   It increases your evasion while moving and waiting.
   rF+:       It protects you from fire.
   rPois:     It protects you from poison SInv: It lets you see invisible.
 F - the ring "Sumubibo" (left hand) {rPois rF++ rN++ Stlth+}
   (You found it on level 2 of the Snake Pit)

   [ring of poison resistance]

   rF++:      It greatly protects you from fire.
   rPois:     It protects you from poison rN++: It greatly protects you from
   negative energy.
   Stlth+:    It makes you more stealthy.
 S - a ring of flight
 U - the ring "Imnuwaurae" (right hand) {^Contam rC+ rN++ Will++}
   (You bought it in a shop on level 1 of the Lair of Beasts)

   [ring of protection from cold]

   rC+:       It protects you from cold.
   rN++:      It greatly protects you from negative energy.
   Will++:    It greatly increases your willpower.
   ^Contam:   It causes magical contamination when unequipped.
Wands
 s - a wand of light (2)
 B - a wand of flame (21)
 Q - a wand of roots (7)
 T - a wand of mindburst (5)
Scrolls
 c - 7 scrolls of fog
 e - 4 scrolls of immolation
 h - 2 scrolls of poison {unknown}
 n - 8 scrolls of teleportation
 r - 7 scrolls of fear
 D - 2 scrolls of silence
 I - 2 scrolls of brand weapon {unknown}
 J - a scroll of amnesia
 O - a scroll of vulnerability {unknown}
 R - 2 scrolls of blinking
Potions
 d - a potion of resistance
 k - 2 potions of enlightenment
 l - 6 potions of curing
 o - 2 potions of lignification
 q - a potion of attraction
 t - 4 potions of cancellation
 u - a potion of berserk rage
 v - 5 potions of brilliance
 z - 6 potions of haste
 E - 2 potions of magic
 K - a potion of invisibility
Miscellaneous
 A - a lightning rod (4/4)
 C - a phantom mirror
 G - a phial of floods


   Skills:
 + Level 9.7 Fighting
 + Level 13.7 Short Blades
 - Level 3.9 Throwing
 + Level 2.4 Armour
 + Level 4.6 Dodging
 + Level 19.1 Stealth
 + Level 4.4 Shields
 * Level 6.0 Spellcasting
 + Level 13.4 Hexes
 - Level 6.2 Evocations


You had 21 spell levels left.
You knew the following spells:

 Your Spells              Type           Power      Damage    Failure   Level
a - Confusing Touch       Hex            52%        N/A       1%          3
b - Sigil of Binding      Hex            52%        N/A       1%          3

Your spell library contained the following spells:

 Spells                   Type           Power      Damage    Failure   Level
 Dimensional Bullseye     Hex/Tloc       14%        N/A       26%         4
 Freeze                   Ice            20%        1d4       36%         1
 Kiss of Death            Conj/Necr      20%        2d7       36%         1
 Sandblast                Erth           10%        2d5       36%         1
 Call Imp                 Summ           10%        N/A       52%         2
 Sublimation of Blood     Necr           5%         N/A       52%         2
 Call Canine Familiar     Summ           5%         N/A       75%         3
 Frozen Ramparts          Ice            10%        1d2       75%         3
 Gell's Gravitas          Tloc           5%         N/A       75%         3
 Hailstorm                Conj/Ice       5%         3d5       75%         3
 Passwall                 Erth           5%         N/A       75%         3
 Stone Arrow              Conj/Erth      10%        3d7       75%         3
 Summon Ice Beast         Ice/Summ       5%         N/A       75%         3
 Teleport Other           Tloc           5%         N/A       75%         3
 Brom's Barrelling Bould  Conj/Erth      5%         2d3       98%         4
 Dispel Undead            Necr           5%         3d7       98%         4
 Vhi's Electric Charge    Tloc/Air       10%        N/A       98%         4
 Iskenderun's Battlesphe  Conj           5%         2d6       100%        5
 Bombard                  Conj/Erth      2%         9d1       100%        6
 Conjure Ball Lightning   Conj/Air       2%         3x3d6     100%        6
 Dispersal                Tloc           2%         N/A       100%        6
 Sculpt Simulacrum        Ice/Alch       2%         N/A       100%        6
 Spellforged Servitor     Conj/Summ      2%         N/A       100%        7
 Summon Hydra             Summ           2%         N/A       100%        7


Dungeon Overview and Level Annotations

Branches:
Dungeon (10/15)            Temple (1/1) D:5            Lair (5/5) D:8
  Swamp (1/4) Lair:2        Snake (2/4) Lair:3        Slime (0/5) Lair:5
    Orc (2/2) D:10            Elf (0/3) Orc:2        Bailey (visited)
  IceCv (visited)

Altars:
Ashenzari
Cheibriados
Dithmenos
Elyvilon
Fedhas
Gozag
Hepliaklqana
Kikubaaqudgha
Makhleb
Nemelex Xobeh
Okawaru
Qazlal
Ru
Sif Muna
Trog
Uskayaw
Vehumet
Wu Jian
Xom
Yredelemnul
Zin
The Shining One
Jiyva

Shops:
Orc:2 (:[*   Lair:1 =[[   Snake:2 !*

Annotations:
Lair:2 1 transporter, Eugor's ghost, journeyman DECj
Swamp:1 2 transporters, exclusion: orange crystal statue, Mlioglotl


Innate Abilities, Weirdness & Mutations

You have razor-sharp teeth.
Your natural rate of healing is unusually fast.
When hurt, damage is shared between your health and your magic reserves.
Your bite disrupts and absorbs the magic of your enemies.
Potions cannot restore your health.


Message History

Unknown command.
Unknown command.
As you read the scroll of fear, it crumbles to dust.
You assume a fearsome visage.
The spriggan berserker resists with almost no effort.
The spriggan looks frightened!
The moth of wrath looks frightened!
The spriggan looks frightened!
Eugor's ghost is unaffected.
The spriggan looks frightened!
The spriggan rider is unaffected.
The spriggan rider hits you from afar with a +2 trident of flaming!!
* * * LOW HITPOINT WARNING * * *
The spriggan rider burns you.
* * * LOW HITPOINT WARNING * * *
Eugor's ghost mumbles some strange words.
Eugor's ghost begins to radiate toxic energy.
* * * LOW HITPOINT WARNING * * *
You are poisoned.
The spriggan screams, "Help!"
You block the spriggan rider's attack.
The spriggan is distracted by your dazzling golden aura.
Unknown command.
Unknown command.
Blink to where?
Press: ? - help, Dir - move target
There is a wall there.
Okay, then. [a] - 280 gold - resistance [b] - 644 gold - resistance, might, haste and brilliance [c] - 345 gold - haste and enlightenment Purchase which effect?
You no longer have enough gold to fund merchants seeking to open stores in the dungeon.
You feel protected.
You feel very mighty all of a sudden.
You feel yourself speed up.
You feel clever all of a sudden.
You feel sick.
* * * LOW HITPOINT WARNING * * *
You are more poisoned.
You block Eugor's ghost's attack.
The spriggan rider hits you from afar with a +2 trident of flaming!!!
You die...
Your body crumbles into a pile of gold.

#.......##.#.i#####...## #
##.....##.##..# #.##...# ###
#.....#i.#≈.i§##.W#...## #..
##.#..#©.##._.h?..#..#.# #.#
#.##..#.......#...#...## ###
####..##.....≈#..##....##
####...#..y..##..#......##
#.#....##.i$W#i###..#...P#
##......###.@.###....#...#
##........#####....#.....###
#...........©....#####P....##
#...............## ####.PP#
#.............#..# #P...#
##..........###### ##...#
##.#.##P#### ##### ########


You could see a spriggan rider (berserk), a spriggan berserker (regenerating,
strong-willed), a moth of wrath (fleeing), a polar bear (summoned, berserk), 2
spriggans and Eugor's ghost (toxic aura, magic disrupted).

Vanquished Creatures
  Gastronok (Lair:1)
  2 nagarajas (Snake:2)
  4 orc warlords
  2 eleionomae (Swamp:1)
  The ghost of Besoupit the Severer, a journeyman DrBe of Trog (Orc:1)
  Fannar (Lair:3)
  4 hydras
  A salamander tyrant (Snake:2)
  2 anacondas (Snake:2)
  An alligator (Swamp:1)
  2 catoblepae
  A merfolk avatar (Lair:5)
  5 naga warriors
  5 orc high priests
  11 death yaks
  3 shock serpents
  2 naga sharpshooters
  Urug (Orc:1)
  2 spriggans (Swamp:1)
  A salamander mystic (Snake:2)
  2 sea snakes (Lair:5)
  2 naga ritualists (Snake:2)
  2 bog bodies
  5 mana vipers
  2 spriggan druids (Swamp:1)
  A necromancer (IceCv)
  3 orc knights (Orc:2)
  7 orc sorcerers
  A manticore (Lair:5)
  13 elephants
  2 salamanders (Snake:2)
  2 guardian serpents (Snake:2)
  A moth of wrath (Lair:2)
  8 kobold blastminers
  24 black mambas
  2 ice statues (IceCv)
  6 naga magi
  A torpor snail (Lair:4)
  15 cane toads
  3 rime drakes
  8 komodo dragons
  4 anaconda simulacra (IceCv)
  The ghost of xianbchi the Magician, a novice DEAE of Makhleb (D:5)
  5 ice devils (IceCv)
  4 trolls
  3 red devils (Orc:2)
  4 tyrant leeches (Swamp:1)
  7 polar bears
  4 hornets
  5 dream sheep (Lair:4)
  16 blink frogs
  5 slime creatures (D:8)
  2 dire elephant simulacra (IceCv)
  A shadow (D:8)
  36 yaks
  Sigmund (D:2)
  2 wargs (Orc:1)
  A wraith (D:10)
  8 wyverns
  9 basilisks
  A steam dragon (D:7)
  13 nagas
  3 harpy simulacra (IceCv)
  An acid dragon (D:10)
  2 swamp worms (Swamp:1)
  21 water moccasins
  2 swamp drakes
  A hydra simulacrum (IceCv)
  2 sky beasts (D:8)
  57 orc warriors
  4 ice beasts
  2 black bears
  28 wolves
  2 ogres
  4 centaurs
  A phantom (D:5)
  2 kobold brigands (D:10)
  12 bullfrogs
  A two-headed ogre simulacrum (IceCv)
  A cane toad simulacrum (IceCv)
  3 scorpions
  11 wights
  6 killer bees (D:9)
  A howler monkey (D:5)
  25 orc priests
  2 jellies
  Crazy Yiuf (D:4)
  2 bombardier beetles
  3 hounds
  A gnoll bouda (D:4)
  6 iguanas
  31 orc wizards
  12 gnolls
  9 adders
  A naga simulacrum (IceCv)
  A shadow imp (D:6)
  A white imp (D:8)
  4 ufetubi
  7 dart slugs
  2 ribbon worms
  98 orcs
  7 ball pythons
  9 bats
  8 endoplasms
  4 giant cockroaches
  15 goblins
  14 hobgoblins
  6 jackals
  5 quokkas
  4 frilled lizards
  10 kobolds
  3 rats
752 creatures vanquished.

Notes
Turn   | Place    | Note
-------+----------+-------------------------------------------
     0 | D:5      | zenocrate the Vine Stalker Delver began the quest for the
                  | Orb.
     0 | D:5      | Reached XP level 1. HP: 11/11 MP: 2/2
    37 | D:4      | Noticed a centaur
   165 | D:1      | Reached XP level 2. HP: 16/16 MP: 3/3
   286 | D:1      | Reached XP level 3. HP: 19/19 MP: 4/4
   947 | D:2      | HP: 1/20 [gnoll/+0 flail of holy wrath (6)]
   995 | D:2      | Reached XP level 4. HP: 12/24 MP: 2/5
  1225 | D:2      | Reached skill level 7 in Stealth
  1287 | D:2      | Noticed Sigmund
  1289 | D:2      | Killed Sigmund
  1290 | D:2      | Reached XP level 5. HP: 28/28 MP: 6/6
  1290 | D:2      | Reached XP level 6. HP: 32/32 MP: 7/7
  2589 | D:4      | Reached skill level 5 in Short Blades
  2592 | D:4      | Reached skill level 8 in Stealth
  2809 | D:4      | Reached XP level 7. HP: 27/36 MP: 8/8
  2852 | D:4      | Found a runed translucent door.
  2974 | D:4      | Reached skill level 1 in Evocations
  3086 | D:4      | Noticed Crazy Yiuf
  3297 | D:4      | Killed Crazy Yiuf
  3560 | D:5      | Found a staircase to the Ecumenical Temple.
  3625 | D:5      | Noticed xianbchi's ghost (novice DEAE)
  3650 | Temple   | Entered the Ecumenical Temple
  3659 | Temple   | Became a worshipper of Gozag Ym Sagoz the Greedy
  3679 | D:5      | Found a runed translucent door.
  3716 | D:5      | Reached skill level 9 in Stealth
  3795 | D:5      | Gained mutation: You have razor-sharp teeth. [Vine Stalker
                  | growth]
  3795 | D:5      | Reached XP level 8. HP: 40/40 MP: 9/9
  3818 | D:4      | Learned a level 3 spell: Confusing Touch
  4119 | D:5      | Reached skill level 1 in Hexes
  4312 | D:6      | Found a white marble altar of Elyvilon.
  4685 | D:6      | Reached skill level 10 in Stealth
  4699 | D:6      | Reached skill level 1 in Throwing
  4706 | D:6      | Reached XP level 9. HP: 44/44 MP: 10/10
  4828 | D:6      | Found a sacrificial altar of Ru.
  5340 | D:7      | Found a flagged portal.
  5366 | Bailey   | Entered a bailey
  5668 | Bailey   | Reached skill level 1 in Spellcasting
  5679 | Bailey   | Reached skill level 11 in Stealth
  5707 | Bailey   | Reached XP level 10. HP: 26/49 MP: 14/14
  5792 | Bailey   | Noticed an orc warlord
  5798 | Bailey   | Identified the +1 leather armour of Rups {Regen+ Dex+2}
  5815 | Bailey   | Killed an orc warlord
  5816 | Bailey   | Reached skill level 5 in Hexes
  6018 | Bailey   | Acquired a +4 quick blade of freezing
  6524 | D:8      | Reached skill level 12 in Stealth
  6982 | D:8      | Learned a level 3 spell: Sigil of Binding
  7034 | D:8      | Reached XP level 11. HP: 54/54 MP: 17/17
  7132 | D:8      | Found a staircase to the Lair.
  7377 | Lair:1   | Entered Level 1 of the Lair of Beasts
  7381 | Lair:1   | Reached skill level 5 in Fighting
  7397 | Lair:1   | Reached skill level 13 in Stealth
  7635 | Lair:1   | Noticed Gastronok
  7651 | Lair:1   | Killed Gastronok
  7704 | Lair:1   | Bought the ring of Syruox {+Blink rC+ EV+5 Dex+4} for 981
                  | gold pieces
  7894 | Lair:1   | Noticed a six-headed hydra
  7900 | Lair:1   | Reached skill level 14 in Stealth
  7900 | Lair:1   | Reached XP level 12. HP: 61/61 MP: 18/18
  7903 | Lair:1   | Killed a six-headed hydra
  7926 | Lair:1   | Identified the +1 pair of boots "Urghipn" {Stlth+}
  8045 | Lair:1   | Reached skill level 10 in Short Blades
  8192 | Lair:1   | Noticed a catoblepas
  8224 | Lair:1   | Killed a catoblepas
  8622 | Lair:2   | Reached skill level 5 in Evocations
  9015 | Lair:2   | Found a transporter.
  9058 | Lair:2   | Reached skill level 15 in Stealth
  9071 | Lair:2   | Noticed Eugor's ghost (journeyman DECj)
  9085 | Lair:2   | Found a transporter.
  9089 | Lair:2   | Noticed a spriggan berserker
  9100 | Lair:2   | Found a bloodstained altar of Trog.
  9380 | Lair:2   | Found a staircase to the Swamp.
  9612 | Lair:2   | Noticed a five-headed hydra
  9628 | Lair:2   | Killed a five-headed hydra
  9794 | Lair:3   | Noticed an eight-headed hydra
  9799 | Lair:3   | Killed an eight-headed hydra
  9811 | Lair:3   | Reached XP level 13. HP: 65/65 MP: 19/19
  9928 | Lair:3   | Reached skill level 10 in Hexes
 10094 | Lair:3   | Noticed Fannar
 10098 | Lair:3   | Killed Fannar
 10325 | Lair:3   | Found a staircase to the Snake Pit.
 10768 | Lair:1   | Bought the ring "Imnuwaurae" {^Contam rC+ rN++ Will++} for
                  | 763 gold pieces
 10981 | Lair:4   | Reached skill level 16 in Stealth
 11715 | Lair:1   | Bought the amulet "Uxzom" {Acrobat rPois rF+ SInv} for 786
                  | gold pieces
 12146 | Lair:5   | Entered Level 5 of the Lair of Beasts
 12163 | Lair:5   | Reached XP level 14. HP: 63/70 MP: 20/20
 12193 | Lair:5   | Found a frozen archway.
 12224 | IceCv    | Entered an ice cave
 12524 | IceCv    | Reached skill level 17 in Stealth
 13044 | Lair:5   | Reached skill level 1 in Shields
 13100 | Lair:5   | Found a staircase to the Slime Pits.
 13101 | Lair:5   | Found a viscous altar of Jiyva.
 13334 | Lair:5   | Got the Disquisition on the Charged Mob
 14047 | Lair:1   | Bought an encrusted cloak for 313 gold pieces
 14047 | Lair:1   | Identified the +1 cloak of Uha Jyt {rPois Will+ Str+5
                  | Dex-2} (You bought it in a shop on level 1 of the Lair of
                  | Beasts)
 14186 | D:9      | Found a broken altar of Ashenzari.
 14418 | D:9      | Identified the +5 ring mail of Disguise {Rampage Slay+3}
 15103 | D:10     | Entered Level 10 of the Dungeon
 15293 | D:10     | Found a staircase to the Orcish Mines.
 15905 | Orc:1    | Entered Level 1 of the Orcish Mines
 16071 | Orc:1    | Reached XP level 15. HP: 77/77 MP: 21/21
 16098 | Orc:1    | Found a runed translucent door.
 16107 | Orc:1    | Noticed Besoupit's ghost (journeyman DrBe)
 16179 | Orc:1    | Killed Besoupit's ghost
 16231 | Orc:1    | Noticed Urug
 16247 | Orc:1    | Killed Urug
 16248 | Orc:1    | Reached skill level 18 in Stealth
 16249 | Orc:1    | Noticed an orc warlord
 16301 | Orc:1    | Killed an orc warlord
 16585 | Orc:2    | Entered Level 2 of the Orcish Mines
 16723 | Orc:2    | Noticed an orc warlord
 16817 | Orc:1    | Killed an orc warlord
 16975 | Orc:2    | Found a staircase to the Elven Halls.
 16997 | Orc:2    | Noticed an orc warlord
 17157 | Orc:2    | Killed an orc warlord
 17548 | Orc:2    | Found Gemom Nacugg's General Store.
 17549 | Orc:2    | Found Zuntaos's Book Emporium.
 17551 | Orc:2    | Found Tetub's Antique Armour Emporium.
 17551 | Orc:2    | Found Obol's Antique Weapon Shoppe.
 17556 | Orc:2    | Bought a distressingly furry helmet for 313 gold pieces
 17556 | Orc:2    | Identified the +0 helmet "Merchiul" {rCorr} (You bought it
                  | in a shop on level 2 of the Orcish Mines)
 17556 | Orc:2    | Bought an embroidered scarf for 264 gold pieces
 17586 | Orc:2    | Bought a scroll of enchant armour for 90 gold pieces
 17586 | Orc:2    | Bought a wand of mindburst (5) for 84 gold pieces
 17786 | Lair:1   | Bought a pair of glowing gloves for 187 gold pieces
 17786 | Lair:1   | Bought a runed helmet for 187 gold pieces
 17886 | Snake:1  | Entered Level 1 of the Snake Pit
 19123 | Snake:2  | Reached skill level 1 in Armour
 19232 | Snake:2  | Found Tynuerph's General Store.
 19232 | Snake:2  | Found Usel's Distillery.
 19280 | Snake:2  | Reached XP level 16. HP: 55/84 MP: 23/23
 19328 | Snake:2  | Noticed a nagaraja
 19336 | Snake:2  | Killed a nagaraja
 19371 | Snake:2  | Bought a potion of enlightenment for 100 gold pieces
 19371 | Snake:2  | Bought a potion of berserk rage for 100 gold pieces
 19371 | Snake:2  | Bought a potion of cancellation for 160 gold pieces
 19393 | Snake:2  | Bought a scroll of enchant armour for 105 gold pieces
 19402 | Snake:2  | Identified the ring "Sumubibo" {rPois rF++ rN++ Stlth+}
 19804 | Snake:2  | Reached skill level 5 in Spellcasting
 19839 | Snake:2  | Noticed a nagaraja
 19851 | Snake:2  | Killed a nagaraja
 19852 | Snake:2  | Reached skill level 19 in Stealth
 20350 | Swamp:1  | Entered Level 1 of the Swamp
 20558 | Swamp:1  | Noticed a thorn hunter
 20560 | Swamp:1  | Found a transporter.
 20597 | Swamp:1  | Noticed a tentacled monstrosity
 20598 | Swamp:1  | Noticed Mlioglotl
 20600 | Swamp:1  | Noticed a tentacled monstrosity
 20601 | Swamp:1  | Noticed a tentacled monstrosity
 20603 | Swamp:1  | Found a transporter.
 20722 | Swamp:1  | Noticed a thorn hunter
 21055 | D:5      | Killed xianbchi's ghost
 21270 | Lair:2   | Demolished by a spriggan rider

Illustrated notes

Levels and vault maps discovered:
D:1:      dpeg_arrival_rooms_c, layout_loops_ring
D:2:      layout_loops_ring, uniq_sigmund
D:3:      layout_basic, gup_sewer_entry_glass
D:4:      layout_cave_pools, serial_bayou, serial_bayou_pond_a,
          serial_bayou_ford_a, serial_bayou_lagoon_a, serial_bayou_shore_b,
          serial_bayou_crossing, serial_bayou_pond_b, kennysheep_dice,
          uniq_crazy_yiuf_cottage
D:5:      layout_basic, temple_pool_b, hellmonk_ghost_happy_afterlife
D:6:      layout_rooms, nicolae_ru_awakened_eye,
          mainiacjoe_overflow_small_starburst, hex_intersection,
          nicolae_half_adder
D:7:      layout_cave_pools, enter_bailey_6
D:8:      layout_basic, erik_lair_dragon, minmay_fractal_squares_5
D:9:      layout_basic, lemuel_doored_altar
D:10:     layout_basic, orc_0_dummy
Temple:   nicolae_temple_bog_church
Lair:1:   layout_chaotic_city, minmay_shattered_shrine, uniq_gastronok
Lair:2:   hellmonk_ruined_rings, layout_cave_pods, skrybe_swamp_entry_bodies,
          gammafunk_ghost_wrathful_warriors
Lair:3:   layout_loops_ring, minmay_snake_entry_six_corridors,
          serial_bayou_shore_b, uniq_fannar
Lair:4:   layout_cave_pods, wad_woods_03, grunt_megastairs_2
Lair:5:   gammafunk_lair_ancient_temple, layout_loops_ring, slime_entry_1,
          portal_ice_cave_entry_pillars_2, minivault_11
Swamp:1:  gammafunk_sealed_arena, layout_falls_marsh,
          evilmike_swamp_ruin_rubble_1, nicolae_swamp_decorative_isthmus,
          uniq_mlioglotl
Snake:1:  layout_chambers, nicolae_triple_integral
Snake:2:  nicolae_snake_unarmed_stairs_patrol, layout_onion_interference,
          minmay_shoptagon
Orc:1:    nicolae_orc_accident_1, layout_caves, ebering_ghost_reflecting_pool,
          uniq_urug
Orc:2:    st_orc_congregation, layout_diamond_mine,
          einodemon_armed_red_devil_minivault

Skill      XL: |  1  2  3  4  5  6  7  8  9 10 11 12 13 14 15 16 |
---------------+-------------------------------------------------+-----
Short Blades   | 2 4 5 6 7 8 9 10 11 12 13 | 13.7
Fighting       | 3 4 6 8 9 |  9.7
Stealth        | 7 8 9 10 11 12 14 15 16 17 18 19 | 19.1
Evocations     | 2 3 4 6 |  6.2
Hexes          | 2 4 6 8 9 11 12 13 | 13.4
Throwing       | 1 2 3 |  3.9
Spellcasting   | 2 3 4 6 |  6.0
Dodging        | 3 4 |  4.6
Shields        | 3 4 |  4.4
Armour         | 1 2 |  2.4

Action                     |  1- 3 |  4- 6 |  7- 9 | 10-12 | 13-15 | 16-18 || total
---------------------------+-------+-------+-------+-------+-------+-------++-------
  Melee: Short sword       |    80 |   163 |   341 |    61 |       |       ||   645
         Bite              |    21 |    59 |   113 |   300 |   895 |    94 ||  1482
         Rapier            |       |       |    32 |       |       |       ||    32
         Quick blade       |       |       |       |   631 |  1907 |   215 ||  2753
  Throw: Dart              |     6 |       |     5 |     1 |       |       ||    12
   Cast: Confusing Touch   |       |       |     1 |     5 |    26 |     1 ||    33
 Invoke: Call Merchant     |       |       |       |     1 |     2 |       ||     3
         Potion Petition   |       |       |       |       |       |     1 ||     1
  Evoke: Wand              |       |     1 |     6 |     8 |    19 |       ||    34
         Lightning rod     |       |       |       |       |     4 |       ||     4
         Phial of floods   |       |       |       |       |     1 |       ||     1
    Use: Scroll            |     1 |     1 |     6 |     8 |    13 |     1 ||    30
         Potion            |     1 |       |     2 |     5 |     2 |       ||    10
   Stab: Sleeping          |    11 |     8 |    13 |    29 |    80 |    15 ||   156
         Distracted        |       |     1 |     3 |     5 |    25 |     4 ||    38
         Invisible         |       |     1 |     1 |     5 |     3 |       ||    10
         Confused          |       |       |       |     7 |    26 |       ||    33
 Armour: Leather armour    |    33 |    62 |   147 |   179 |   197 |       ||   618
         Skin              |       |       |       |    14 |       |       ||    14
         Ring mail         |       |       |       |       |    87 |    36 ||   123
  Dodge: Dodged            |    30 |   147 |   262 |   273 |   452 |    20 ||  1184
  Block: Buckler           |       |       |       |       |   161 |    26 ||   187

Table legend: (Time is in decaauts)
 A = Elapsed time spent in this place.
 B = Non-inter-level travel time spent in this place.
 C = Inter-level travel time spent in this place.
 D = Time resting spent in this place.
 E = Time spent auto-exploring this place.
 F = Levels seen in this place.
 G = Mean time per level.
                   A        B        C        D        E       F      G
               +--------+--------+--------+--------+--------+-----+--------+
         Total |  20571 |  18415 |   2156 |    136 |  13560 |  23 |  894.4 |
       Dungeon |   8760 |   7725 |   1035 |     28 |   6082 |  10 |  876.0 |
        Temple |     18 |     10 |      8 |      0 |      0 |   1 |   18.0 |
          Lair |   6367 |   5554 |    813 |    104 |   3790 |   5 | 1273.4 |
         Swamp |    549 |    516 |     33 |      0 |    409 |   1 |  549.0 |
     Snake Pit |   2190 |   1985 |    205 |      0 |   1686 |   2 | 1095.0 |
  Orcish Mines |   1615 |   1555 |     60 |      0 |   1020 |   2 |  807.5 |
        Bailey |    569 |    569 |      0 |      2 |    321 |   1 |  569.0 |
      Ice Cave |    499 |    499 |      0 |      2 |    251 |   1 |  499.0 |
               +--------+--------+--------+--------+--------+-----+--------+

Top non-repeatable levels by time:
  Lair:1: 1612 daAuts
  Lair:2: 1364 daAuts
  Lair:5: 1215 daAuts
 Snake:1: 1178 daAuts
  Lair:3: 1120 daAuts
     D:5: 1097 daAuts
     D:8: 1056 daAuts
  Lair:4: 1053 daAuts
     D:4: 1035 daAuts
 Snake:2: 1012 daAuts
     D:3: 990 daAuts
     D:9: 965 daAuts
   Orc:2: 861 daAuts
    D:10: 822 daAuts
   Orc:1: 753 daAuts
